 Dungeon Crawl Stone Soup version 0.19.4-8-ga85b6b9 (webtiles) character file.

72 Mefis the Magician (level 4, 0/24 HPs)
             Began as a Deep Elf Wizard on Feb 12, 2017.
             Slain by Menkaure (7 damage)
             ... on level 4 of the Dungeon.
             The game lasted 00:04:33 (2978 turns).

Mefis the Magician (Deep Elf Wizard)                Turns: 2978, Time: 00:04:33

Health: 0/24       AC:  6    Str:  4    XL:     4   Next: 7%
Magic:  4/13       EV: 13    Int: 24    God:
Gold:   92         SH:  0    Dex: 13    Spells: 6 memorised, 0 levels left

rFire  . . .     SeeInvis .     e - +0 dagger
rCold  . . .     Gourm    .     a - +0 robe
rNeg   . . .     Faith    .     (no shield)
rPois  .         Spirit   .     s - +2 helmet
rElec  .         Reflect  .     w - +0 cloak
rCorr  .         Harm     .     (no gloves)
MR     .....                    (no boots)
Stlth  ++........               (no amulet)
                                (no ring)
                                (no ring)

@: repel missiles
A: no striking features
a: no special abilities


You were on level 4 of the Dungeon.
You were not hungry.

You visited 1 branch of the dungeon, and saw 4 of its levels.

You collected 92 gold pieces.

Inventory:

Hand Weapons
 e - a +0 dagger (weapon)
Missiles
 g - 4 curare-tipped needles
Armour
 a - a +0 robe (worn)
 s - a +2 helmet (worn)
 w - a +0 cloak (worn)
Scrolls
 f - a scroll of enchant weapon {unknown}
 h - 2 scrolls of magic mapping {unknown}
 k - a scroll of fog {unknown}
 l - 3 scrolls of remove curse {unknown}
 m - a scroll of blinking {unknown}
 n - 2 scrolls of identify {unknown}
 o - a scroll of enchant armour {unknown}
 p - 2 scrolls of recharging {unknown}
 q - a scroll of teleportation {unknown}
 r - a scroll of amnesia {unknown}
 t - a scroll of fear {unknown}
Potions
 i - 2 potions of agility {unknown}
Books
 c - a book of Minor Magic

   Spells                             Type                      Level
   a - Magic Dart                     Conjuration                  1
   b - Blink                          Translocation                2
   c - Call Imp                       Summoning                    2
   d - Repel Missiles                 Charms/Air                   2
   e - Slow                           Hexes                        2
   f - Conjure Flame                  Conjuration/Fire             3
   g - Mephitic Cloud                 Conjuration/Poison/Air       3
Comestibles
 d - a bread ration
 j - a meat ration
 u - a royal jelly
 v - 6 chunks of flesh


   Skills:
 + Level 2.8 Dodging
 + Level 3.4 Stealth
 * Level 5.4 Spellcasting
 + Level 1.8 Conjurations
 - Level 1.1 Summonings
 - Level 1.1 Translocations
 + Level 1.1 Air Magic
 + Level 0.4 Poison Magic


You couldn't memorise any spells.
You knew the following spells:

 Your Spells              Type           Power        Failure   Level  Hunger
a - Magic Dart            Conj           ###.         4%          1    None
b - Call Imp              Summ           ##......     12%         2    None
c - Blink                 Tloc           N/A          12%         2    None
d - Repel Missiles        Chrm/Air       #.....       12%         2    None
e - Mephitic Cloud        Conj/Pois/Air  ##......     21%         3    ##.....
f - Conjure Flame         Conj/Fire      ##......     21%         3    ##.....


Dungeon Overview and Level Annotations

Branches:
Dungeon (4/15)
 Temple: D:4-7

Altars:
Ashenzari
Dithmenos
Elyvilon
Okawaru
Ru

Annotations:
D:4 Menkaure


Message History

Menkaure calls on the powers of darkness!
Your body is wracked with pain!
* * * LOW HITPOINT WARNING * * *
Casting: Magic Dart
Confirm with . or Enter, or press ? or * to list all spells.
Aiming: Magic Dart
Press: ? - help, Shift-Dir - straight line, f/p - Menkaure
Aim: Menkaure (severely damaged, fast)
The magic dart hits Menkaure.
Menkaure is severely damaged.
Menkaure hits you but does no damage.
Casting: Magic Dart
Confirm with . or Enter, or press ? or * to list all spells.
Aiming: Magic Dart
Press: ? - help, Shift-Dir - straight line, f/p - Menkaure
Aim: Menkaure (severely damaged, fast)
The magic dart hits Menkaure.
Menkaure is severely damaged.
Menkaure hits you!
You die...

## #.# . ... #. #.# #.##.#
#....# ########### #...#
#.........#
#####...######.....)...+
......M@...............# #.#
#############.####...... #.#
##### #######.###....... ...
..... .................. #.#
#.#.# #######.##........ # #.#
#.#.# #.###....... #.#.# #.#.#
#.# #.#####.
#.#.###.#.#########.###..#####
#........[....................


You could see Menkaure.

Vanquished Creatures
  An adder (D:2)
  An ooze (D:2)
  A worm (D:1)
  2 dart slugs (D:1)
  3 leopard geckos (D:2)
  An orc (D:3)
  A giant cockroach (D:3)
  6 hobgoblins
  4 jackals (D:2)
  7 kobolds
  A quokka (D:1)
  A ball python (D:3)
  8 bats
  3 frilled lizards
  5 goblins
  3 rats
48 creatures vanquished.

Vanquished Creatures (collateral kills)
  A goblin (D:2)
1 creature vanquished.

Vanquished Creatures (others)
  An adder skeleton (D:4)
1 creature vanquished.

Grand Total: 50 creatures vanquished

Notes
Turn   | Place    | Note
-------+----------+-------------------------------------------
     0 | D:1      | Mefis the Deep Elf Wizard began the quest for the Orb.
     0 | D:1      | Reached XP level 1. HP: 10/10 MP: 7/7
   451 | D:1      | Reached XP level 2. HP: 15/15 MP: 9/9
   455 | D:1      | Learned a level 2 spell: Call Imp
   458 | D:1      | Learned a level 2 spell: Blink
   461 | D:1      | Learned a level 2 spell: Repel Missiles
  1490 | D:2      | You fall through a shaft!
  1492 | D:3      | Reached skill level 5 in Spellcasting
  1492 | D:3      | Reached XP level 3. HP: 19/19 MP: 7/11
  1497 | D:3      | Learned a level 3 spell: Mephitic Cloud
  2405 | D:2      | Found an iron altar of Okawaru.
  2405 | D:2      | Found a sacrificial altar of Ru.
  2463 | D:2      | Found a shadowy altar of Dithmenos.
  2493 | D:2      | Found a shattered altar of Ashenzari.
  2496 | D:2      | Found a white marble altar of Elyvilon.
  2589 | D:2      | Reached skill level 1 in Air Magic
  2780 | D:2      | Reached XP level 4. HP: 24/24 MP: 7/13
  2791 | D:2      | Learned a level 3 spell: Conjure Flame
  2968 | D:4      | Noticed Menkaure
  2978 | D:4      | Slain by Menkaure

Skill      XL: |  1  2  3 |
---------------+----------+-----
Stealth        | 3 |  3.4
Spellcasting   | 5 |  5.4
Air Magic      | 1 |  1.1
Dodging        | |  2.8
Conjurations   | |  1.8
Summonings     | |  1.1
Translocations | |  1.1
Poison Magic   | |  0.4

Action                   |  1- 3 |  4- 6 || total
-------------------------+-------+-------++-------
Melee: Dagger            |    19 |       ||    19
 Cast: Magic Dart        |   108 |    18 ||   126
       Repel Missiles    |     1 |       ||     1
       Mephitic Cloud    |     2 |       ||     2
       Call Imp          |     2 |       ||     2
       Blink             |     1 |       ||     1
 Stab: Sleeping          |     1 |       ||     1
  Eat: Chunk             |     5 |     1 ||     6
Armor: Robe              |     5 |     1 ||     6
Dodge: Dodged            |    26 |     3 ||    29
       Deflected         |     2 |       ||     2
